 Dungeon Crawl Stone Soup version 0.28.0-53-g5a82cb258f (webtiles) character file.

Game seed: 2947545924801460876

136 McKennaii the Conjurer (level 4, 0/33 HPs)
             Began as a Draconian Conjurer on May 30, 2022.
             Slain by a black bear (10 damage)
             ... on level 3 of the Dungeon.
             The game lasted 00:03:08 (4402 turns).

McKennaii the Conjurer (Draconian Conjurer)         Turns: 4402, Time: 00:03:08

Health: 0/33       AC:  7    Str:  9    XL:     4   Next: 98%
Magic:  0/8        EV: 12    Int: 20    God:
Gold:   114        SH:  0    Dex: 10    Spells: 1/8 levels left

rFire   . . .      SeeInvis .   (no weapon)
rCold   + . .      Faith    .   (no shield)
rNeg    . . .      Spirit   .   (armour unavailable)
rPois   .          Reflect  .   (helmet restricted)
rElec   .          Harm     .   h - scarf {+Inv}
rCorr   .          Rampage  .   n - +0 pair of gloves
Will    .....                   b - +0 pair of boots
Stlth   ++........              (no amulet)
HPRegen 0.11/turn               j - ring of protection from cold
MPRegen 0.11/turn               (no ring)

@: no status effects
A: AC +5, unfitting armour, cold-blooded
a: Evoke Invisibility


You were on level 3 of the Dungeon.
You visited 1 branch of the dungeon, and saw 4 of its levels.

You collected 114 gold pieces.

Inventory:

Armour
 b - a +0 pair of boots (worn)
 h - a scarf of invisibility (worn)
 n - a +0 pair of gloves (worn)
Jewellery
 j - a ring of protection from cold (left hand)
Scrolls
 d - 3 scrolls of immolation {unknown}
 e - a scroll of teleportation {unknown}
 f - 4 scrolls of enchant weapon {unknown}
 m - a scroll of magic mapping {unknown}
Potions
 a - 2 potions of brilliance {unknown}
 c - 5 potions of heal wounds {unknown}
 g - a potion of magic {unknown}
 i - a potion of attraction {unknown}
 k - 2 potions of haste {unknown}
 l - a potion of might {unknown}
 o - a potion of lignification {unknown}


   Skills:
 + Level 2.7 Dodging
 + Level 3.0 Stealth
 + Level 2.9 Spellcasting
 + Level 4.6 Conjurations


You had one spell level left.
You knew the following spells:

 Your Spells              Type           Power      Damage    Failure   Level
a - Magic Dart            Conj           84%        1d7       2%          1
b - Searing Ray           Conj           42%        2d6       3%          2
c - Iskenderun's Mystic   Conj/Tloc      12%        2d5       50%         4

Your spell library contained the following spells:

 Spells                   Type           Power      Damage    Failure   Level
 Sting                    Tmut/Pois      8%         1d3       14%         1
 Dazzling Flash           Conj/Hex       24%        N/A       17%         3
 Stone Arrow              Conj/Erth      24%        3d8       17%         3
 Poisonous Vapours        Pois/Air       4%         N/A       22%         2
 Fulminant Prism          Conj/Hex       6%         3d7       50%         4
 Olgreb's Toxic Radiance  Pois           2%         N/A       82%         4
 Lehudib's Crystal Spear  Conj/Erth      6%         10d3      100%        8
 Animate Armour           Summ/Erth      Unusable   N/A       N/A         4

Dungeon Overview and Level Annotations

Branches:
Dungeon (4/15)
 Temple: D:4-7

Altars:

Annotations:
D:3 3 runed translucent doors, duchin's ghost, amateur OgWr


Innate Abilities, Weirdness & Mutations

Your plain brown scales are hard. (AC +5)
You cannot fit into any form of body armour.
You are cold-blooded and may be slowed by cold attacks.


Message History

The searing ray misses the black bear.
Unknown command.
The searing ray hits the black bear.
The black bear is severely wounded.
You finish channelling your searing ray.
The black bear bites you but does no damage.
The black bear misses you. The black bear closely misses you.
Unknown command.
The black bear goes berserk!
The black bear rages.
The black bear bites you but does no damage.
The black bear claws you but does no damage.
The black bear misses you.
There is a stone staircase leading up here.
The black bear bites you. The black bear barely misses you.
The black bear misses you.
You climb upwards.
Level annotation: 3 runed translucent doors, duchin's ghost, amateur OgWr
There is a stone staircase leading down here.
The black bear bites you.
The black bear claws you but does no damage. x2
The black bear rages.
The black bear bites you!
The black bear claws you but does no damage.
The black bear claws you. The black bear completely misses you.
The black bear claws you. The black bear barely misses you.
Casting: Searing Ray (safe; 3% risk of failure)
Confirm with . or Enter, or press ? or * to list all spells.
Aiming: Searing Ray (safe; 3% risk of failure)
Press: ? - help, Shift-Dir - straight line, f - black bear
Aim: a black bear (severely wounded, berserk, 84% to hit)
The searing ray misses the black bear. (Press . to maintain the ray.)
The black bear bites you. The black bear closely misses you.
The black bear barely misses you.
The searing ray hits the black bear.
The black bear is severely wounded.
The black bear bites you!
You die...

#.#.......................
#.#....>..................
###.#...#..............#####
#..>#.#...#.#...######.#
#...[......)..########.#####
#...........#>..............
###.#.......#.#####.........
#.........#.#####.........
########.@h.....#.........
#.##...#.#...+#####
##########.##...#.#...+####
#..............)..#.......#
##.#####.#.##.).###.......#
#.#..............+.......#
#.##.##......#.###......###
#.##.##...#..#..##..#####..
##.##.##...#..##....^......#


You could see a black bear (berserk).

Vanquished Creatures
  5 adders
  A worm (D:3)
  6 dart slugs
  2 orcs (D:3)
  4 bats
  7 endoplasms
  2 giant cockroaches
  9 goblins
  9 hobgoblins
  4 jackals (D:2)
  2 quokkas
  3 ball pythons (D:1)
  6 frilled lizards
  6 kobolds
  2 rats (D:1)
68 creatures vanquished.

Notes
Turn   | Place    | Note
-------+----------+-------------------------------------------
     0 | D:1      | McKennaii the Draconian Conjurer began the quest for the
                  | Orb.
     0 | D:1      | Reached XP level 1. HP: 14/14 MP: 3/3
   472 | D:1      | Reached XP level 2. HP: 20/20 MP: 3/5
   951 | D:1      | Reached XP level 3. HP: 26/26 MP: 4/6
  1269 | D:1      | Found a faded altar of an unknown god.
  2185 | D:2      | Reached XP level 4. HP: 33/33 MP: 2/7
  3592 | D:3      | Found a runed translucent gate.
  3593 | D:3      | Found a runed translucent gate.
  3594 | D:3      | Found a runed translucent gate.
  3596 | D:3      | Noticed duchin's ghost (amateur OgWr)
  3968 | D:3      | Learned a level 2 spell: Searing Ray
  3973 | D:3      | Learned a level 4 spell: Iskenderun's Mystic Blast
  4382 | D:4      | Noticed a black bear
  4402 | D:3      | Slain by a black bear

Illustrated notes

Levels and vault maps discovered:
D:1:      kennysheep_arrival_seaside, layout_loops_ring,
          shapermc_ecumenical_altar_totnotflames
D:2:      layout_basic, minmay_statues_item
D:3:      minmay_general_purpose_star, layout_basic, gammafunk_ghost_necromancy,
          corexii_item_surrounded_by_moat
D:4:      layout_basic, uniq_sigmund, uniq_natasha

Skill      XL: |  1  2  3  4 |
---------------+-------------+-----
Stealth        | 2 3 |  3.0
Dodging        | 2 |  2.7
Spellcasting   | |  2.9
Conjurations   | |  4.6

Action                   |  1- 3 |  4- 6 || total
-------------------------+-------+-------++-------
Melee: Unarmed           |    18 |     1 ||    19
       Tailslap          |     4 |     1 ||     5
       Punch             |     1 |       ||     1
 Cast: Magic Dart        |    93 |    69 ||   162
       Searing Ray       |       |     2 ||     2
Armor: Skin              |     9 |     9 ||    18
Dodge: Dodged            |    16 |    11 ||    27
